[ AOE2 MATCH · #504539979 ]
UnrankedVietnamese vs Jurchens
Rival team · LOSS
[ REPLAY ANALYSIS · EXTRACTED FROM THE RECORDED GAME ]
Feudal
10:51
Castle
22:02
Imperial
—
| APM avg | 84.6 |
| APM peak | 164 |
| eAPM avg | 25.0 |
| Villagers / military | 87 / 40 |
Focus
⚔️ 33.2% · 🌾 66.8%
Archer ×29 · Militia ×5 · Skirmisher ×3 · Knight ×2 · Monk ×1
Feudal
8:50
Castle
27:01
Imperial
—
| APM avg | 64.4 |
| APM peak | 126 |
| eAPM avg | 25.7 |
| Villagers / military | 73 / 45 |
Focus
⚔️ 34.5% · 🌾 65.5%
Skirmisher ×16 · Archer ×15 · Cavalry Archer ×14 · Unknown (1911) ×1
Match map
Initial resources + every placement click. Lines = walls · curves = elevation contours. ◆ gold · ⬟ stone · ● berries · ✦ relic · ◌ wall gap
Your base· Open — unwalled flank
ElSapoGustavo's base· Open — 3t gap
Smoothed initial terrain · ◌ = detected wall gap · hover for details
Inputs per minute
— Dr. Snizl - - ElSapoGustavo
Build order — Dr. Snizl
First 150 of 223 actions detected
| 0:00 | Queue | Villager (Male) |
| 0:01 | Queue | Villager (Male) |
| 0:02 | Build | House |
| 0:03 | Build | House |
| 0:10 | Queue | Villager (Male) |
| 0:11 | Queue | Villager (Male) |
| 1:37 | Queue | Villager (Male) |
| 1:38 | Queue | Villager (Male) |
| 1:38 | Queue | Villager (Male) |
| 1:53 | Build | Lumber Camp |
| 2:01 | Queue | Villager (Male) |
| 2:01 | Queue | Villager (Male) |
| 2:20 | Queue | Villager (Male) |
| 2:51 | Queue | Villager (Male) |
| 2:52 | Queue | Villager (Male) |
| 3:02 | Queue | Villager (Male) |
| 3:02 | Queue | Villager (Male) |
| 3:35 | Queue | Villager (Male) |
| 3:35 | Queue | Villager (Male) |
| 3:36 | Queue | Villager (Male) |
| 3:55 | Build | House |
| 4:04 | Queue | Villager (Male) |
| 4:35 | Queue | Villager (Male) |
| 4:43 | Build | Barracks |
| 5:00 | Queue | Villager (Male) |
| 5:00 | Queue | Villager (Male) |
| 5:14 | Build | House |
| 5:18 | Queue | Villager (Male) |
| 5:18 | Queue | Villager (Male) |
| 5:51 | Queue | Militia |
| 5:54 | Queue | Militia |
| 5:59 | Queue | Villager (Male) |
| 6:10 | Build | House |
| 6:15 | Build | Mill |
| 6:32 | Queue | Villager (Male) |
| 6:38 | Queue | Militia |
| 6:51 | Build | Palisade Wall |
| 7:10 | Queue | Villager (Male) |
| 7:28 | Build | Mining Camp |
| 7:31 | Queue | Villager (Male) |
| 7:56 | Build | Farm |
| 8:16 | Research | Loom |
| 8:39 | Research | Feudal Age |
| 8:39 | Research | Feudal Age |
| 8:45 | Build | House |
| 9:19 | Queue | Militia |
| 9:55 | Queue | Militia |
| 10:51 | Age | Feudal Age |
| 10:54 | Queue | Villager (Male) |
| 10:56 | Research | Man-at-Arms (upgrade) |
| 10:58 | Build | Archery Range |
| 11:13 | Queue | Villager (Male) |
| 11:18 | Research | Double-Bit Axe |
| 11:18 | Research | Double-Bit Axe |
| 11:19 | Queue | Villager (Male) |
| 11:25 | Build | Farm |
| 11:26 | Research | Horse Collar |
| 11:26 | Research | Horse Collar |
| 11:31 | Build | Farm |
| 11:56 | Queue | Archer |
| 12:08 | Queue | Villager (Male) |
| 12:09 | Queue | Archer |
| 12:12 | Build | Farm |
| 12:16 | Queue | Archer |
| 12:21 | Queue | Skirmisher |
| 12:36 | Build | Farm |
| 12:40 | Queue | Villager (Male) |
| 12:45 | Build | House |
| 12:55 | Build | Blacksmith |
| 12:56 | Queue | Villager (Male) |
| 13:02 | Build | House |
| 13:20 | Queue | Villager (Male) |
| 13:23 | Build | Farm |
| 13:25 | Build | Farm |
| 13:35 | Queue | Skirmisher |
| 13:46 | Queue | Villager (Male) |
| 14:06 | Queue | Villager (Male) |
| 14:12 | Queue | Villager (Male) |
| 14:25 | Build | House |
| 14:32 | Build | Palisade Wall |
| 14:39 | Research | Fletching |
| 14:43 | Build | Farm |
| 14:52 | Queue | Villager (Male) |
| 15:07 | Queue | Skirmisher |
| 15:27 | Queue | Villager (Male) |
| 15:32 | Build | Farm |
| 15:40 | Queue | Archer |
| 15:41 | Queue | Villager (Male) |
| 15:44 | Build | Farm |
| 15:47 | Queue | Archer |
| 15:59 | Queue | Villager (Male) |
| 16:12 | Build | Market |
| 16:15 | Queue | Villager (Male) |
| 16:21 | Build | Farm |
| 16:21 | Queue | Villager (Male) |
| 16:54 | Queue | Villager (Male) |
| 16:55 | Queue | Archer |
| 16:57 | Build | House |
| 17:28 | Queue | Villager (Male) |
| 17:29 | Queue | Archer |
| 17:52 | Research | Wheelbarrow |
| 17:55 | Queue | Villager (Male) |
| 18:10 | Build | Farm |
| 18:13 | Build | Farm |
| 18:29 | Queue | Villager (Male) |
| 18:32 | Build | Farm |
| 18:33 | Build | Farm |
| 18:33 | Build | Farm |
| 18:33 | Build | Farm |
| 18:34 | Build | Farm |
| 18:52 | Queue | Villager (Male) |
| 18:56 | Build | Farm |
| 18:59 | Build | Farm |
| 19:22 | Research | Castle Age |
| 19:43 | Queue | Villager (Male) |
| 19:55 | Queue | Villager (Male) |
| 19:57 | Queue | Archer |
| 20:00 | Build | Archery Range |
| 20:22 | Queue | Archer |
| 20:22 | Queue | Archer |
| 20:27 | Queue | Villager (Male) |
| 20:33 | Research | Gold Mining |
| 20:34 | Queue | Archer |
| 20:41 | Queue | Archer |
| 20:47 | Research | Padded Archer Armor |
| 20:55 | Build | Stable |
| 21:03 | Research | Scale Barding Armor |
| 21:16 | Build | House |
| 21:19 | Build | House |
| 21:21 | Build | House |
| 21:22 | Build | House |
| 21:29 | Queue | Archer |
| 21:39 | Queue | Archer |
| 22:02 | Age | Castle Age |
| 22:07 | Queue | Knight |
| 22:08 | Queue | Knight |
| 22:09 | Research | Bodkin Arrow |
| 22:10 | Research | Crossbowman (upgrade) |
| 22:16 | Build | Town Center |
| 22:24 | Queue | Villager (Male) |
| 22:30 | Queue | Villager (Male) |
| 22:36 | Research | Bow Saw |
| 22:42 | Research | Heavy Plow |
| 23:02 | Queue | Villager (Male) |
| 23:15 | Queue | Archer |
| 23:16 | Queue | Archer |
| 23:16 | Queue | Archer |
| 23:55 | Queue | Archer |
| 23:56 | Queue | Villager (Male) |
| 23:57 | Queue | Villager (Male) |
Build order — ElSapoGustavo
First 150 of 217 actions detected
| 0:00 | Queue | Villager (Male) |
| 0:00 | Queue | Villager (Male) |
| 0:02 | Build | House |
| 0:03 | Build | House |
| 0:05 | Queue | Villager (Male) |
| 0:06 | Queue | Villager (Male) |
| 1:28 | Queue | Villager (Male) |
| 1:28 | Queue | Villager (Male) |
| 1:39 | Queue | Villager (Male) |
| 1:39 | Queue | Villager (Male) |
| 1:43 | Build | Lumber Camp |
| 2:12 | Queue | Villager (Male) |
| 2:13 | Queue | Villager (Male) |
| 2:48 | Queue | Villager (Male) |
| 2:49 | Queue | Villager (Male) |
| 3:18 | Queue | Villager (Male) |
| 3:18 | Queue | Villager (Male) |
| 3:27 | Build | House |
| 3:30 | Queue | Villager (Male) |
| 3:53 | Build | House |
| 4:05 | Queue | Villager (Male) |
| 4:05 | Queue | Villager (Male) |
| 4:31 | Queue | Villager (Male) |
| 4:44 | Queue | Villager (Male) |
| 5:13 | Queue | Villager (Male) |
| 5:19 | Build | Mill |
| 5:28 | Queue | Villager (Male) |
| 5:29 | Research | Loom |
| 6:37 | Research | Feudal Age |
| 6:37 | Research | Feudal Age |
| 7:08 | Build | Palisade Wall |
| 7:20 | Queue | Villager (Male) |
| 7:27 | Build | House |
| 7:27 | Build | Palisade Wall |
| 7:34 | Build | Palisade Wall |
| 7:36 | Build | Palisade Wall |
| 7:37 | Build | Palisade Wall |
| 7:38 | Build | Palisade Wall |
| 7:53 | Queue | Villager (Male) |
| 7:58 | Build | Palisade Wall |
| 7:59 | Build | Palisade Wall |
| 8:00 | Build | Palisade Wall |
| 8:01 | Build | Palisade Wall |
| 8:02 | Build | Palisade Wall |
| 8:04 | Queue | Villager (Male) |
| 8:23 | Build | Barracks |
| 8:39 | Build | Palisade Wall |
| 8:43 | Build | Palisade Wall |
| 8:44 | Build | Palisade Wall |
| 8:50 | Age | Feudal Age |
| 9:08 | Queue | Villager (Male) |
| 9:15 | Queue | Villager (Male) |
| 9:20 | Queue | Villager (Male) |
| 9:21 | Build | Farm |
| 9:22 | Build | Farm |
| 9:40 | Queue | Villager (Male) |
| 9:43 | Queue | Villager (Male) |
| 9:46 | Build | Farm |
| 9:48 | Queue | Villager (Male) |
| 9:53 | Queue | Villager (Male) |
| 10:27 | Queue | Villager (Male) |
| 10:29 | Build | Archery Range |
| 10:50 | Research | Double-Bit Axe |
| 10:50 | Research | Double-Bit Axe |
| 10:55 | Build | House |
| 11:01 | Build | House |
| 11:02 | Build | Palisade Wall |
| 11:17 | Queue | Villager (Male) |
| 11:22 | Queue | Villager (Male) |
| 11:24 | Queue | Skirmisher |
| 11:27 | Build | Mining Camp |
| 11:31 | Queue | Villager (Male) |
| 11:38 | Build | House |
| 11:44 | Build | House |
| 11:57 | Build | House |
| 12:05 | Build | House |
| 12:05 | Queue | Villager (Male) |
| 12:05 | Queue | Villager (Male) |
| 12:14 | Queue | Archer |
| 12:34 | Build | Farm |
| 12:36 | Build | Farm |
| 12:45 | Build | Palisade Wall |
| 12:51 | Build | House |
| 12:56 | Queue | Villager (Male) |
| 13:05 | Queue | Archer |
| 13:07 | Queue | Villager (Male) |
| 13:12 | Build | Farm |
| 13:32 | Queue | Villager (Male) |
| 13:37 | Build | Palisade Wall |
| 13:42 | Queue | Archer |
| 13:59 | Queue | Skirmisher |
| 14:00 | Queue | Skirmisher |
| 14:09 | Queue | Villager (Male) |
| 14:17 | Build | Palisade Wall |
| 14:18 | Queue | Villager (Male) |
| 14:29 | Queue | Villager (Male) |
| 14:50 | Build | Blacksmith |
| 14:51 | Queue | Villager (Male) |
| 14:58 | Queue | Villager (Male) |
| 15:30 | Queue | Archer |
| 15:31 | Queue | Villager (Male) |
| 15:43 | Research | Padded Archer Armor |
| 15:46 | Queue | Villager (Male) |
| 15:48 | Build | Farm |
| 15:48 | Build | Farm |
| 16:02 | Queue | Villager (Male) |
| 16:04 | Build | Lumber Camp |
| 16:17 | Research | Fletching |
| 16:18 | Queue | Villager (Male) |
| 16:20 | Build | Farm |
| 16:21 | Build | Farm |
| 16:22 | Queue | Villager (Male) |
| 16:26 | Build | Farm |
| 16:28 | Queue | Archer |
| 16:48 | Queue | Archer |
| 16:48 | Queue | Archer |
| 16:55 | Build | Farm |
| 16:55 | Build | Farm |
| 17:11 | Queue | Villager (Male) |
| 17:22 | Queue | Villager (Male) |
| 17:24 | Queue | Archer |
| 17:24 | Queue | Skirmisher |
| 17:42 | Queue | Skirmisher |
| 17:42 | Queue | Skirmisher |
| 17:45 | Build | Farm |
| 17:48 | Build | Farm |
| 18:23 | Build | Farm |
| 18:34 | Queue | Skirmisher |
| 18:37 | Build | Archery Range |
| 19:10 | Build | Farm |
| 19:11 | Build | Farm |
| 19:13 | Queue | Villager (Male) |
| 19:34 | Queue | Villager (Male) |
| 19:37 | Queue | Villager (Male) |
| 19:43 | Queue | Skirmisher |
| 19:43 | Queue | Skirmisher |
| 19:44 | Queue | Skirmisher |
| 19:44 | Queue | Archer |
| 19:44 | Queue | Archer |
| 19:44 | Queue | Villager (Male) |
| 20:05 | Queue | Skirmisher |
| 20:06 | Queue | Skirmisher |
| 20:19 | Queue | Villager (Male) |
| 20:36 | Build | Farm |
| 20:37 | Build | Farm |
| 20:58 | Queue | Villager (Male) |
| 21:08 | Build | House |
| 21:09 | Build | House |
| 21:23 | Queue | Villager (Male) |
| 21:27 | Build | Farm |
Match timeline
| 4:43 | Dr. Snizl · first_building Barracks |
| 6:51 | Dr. Snizl · wall_segment Palisade Wall x1 |
| 7:08 | ElSapoGustavo · wall_segment Palisade Wall x6 |
| 7:27 | ElSapoGustavo · wall_segment Palisade Wall x1 |
| 7:34 | ElSapoGustavo · wall_segment Palisade Wall x1 |
| 7:36 | ElSapoGustavo · wall_segment Palisade Wall x1 |
| 7:37 | ElSapoGustavo · wall_segment Palisade Wall x1 |
| 7:38 | ElSapoGustavo · wall_segment Palisade Wall x1 |
| 7:58 | ElSapoGustavo · wall_segment Palisade Wall x1 |
| 7:59 | ElSapoGustavo · wall_segment Palisade Wall x1 |
| 8:00 | ElSapoGustavo · wall_segment Palisade Wall x1 |
| 8:01 | ElSapoGustavo · wall_segment Palisade Wall x1 |
| 8:02 | ElSapoGustavo · wall_segment Palisade Wall x1 |
| 8:23 | ElSapoGustavo · first_building Barracks |
| 8:39 | ElSapoGustavo · wall_segment Palisade Wall x1 |
| 8:43 | ElSapoGustavo · wall_segment Palisade Wall x1 |
| 8:44 | ElSapoGustavo · wall_segment Palisade Wall x1 |
| 8:50 | ElSapoGustavo · age_up feudal |
| 10:29 | ElSapoGustavo · first_building Archery Range |
| 10:51 | Dr. Snizl · age_up feudal |
| 10:58 | Dr. Snizl · first_building Archery Range |
| 11:02 | ElSapoGustavo · wall_segment Palisade Wall x1 |
| 12:45 | ElSapoGustavo · wall_segment Palisade Wall x1 |
| 13:37 | ElSapoGustavo · wall_segment Palisade Wall x4 |
| 14:17 | ElSapoGustavo · wall_segment Palisade Wall x1 |
| 14:32 | Dr. Snizl · wall_segment Palisade Wall x1 |
| 19:19 | Dr. Snizl · first_market_buy 100 food |
| 20:55 | Dr. Snizl · first_building Stable |
| 22:02 | Dr. Snizl · age_up castle |
| 24:37 | Dr. Snizl · first_building Monastery |
| 26:30 | Dr. Snizl · wall_segment Palisade Wall x10 |
| 27:01 | ElSapoGustavo · age_up castle |
| 29:15 | ElSapoGustavo · resign |
[ AI ANALYSIS · 1 CREDIT ]
What really happened in this match?
Wolo.gg analyzes every decision: build order, eco, micro, common mistakes by bracket. Personalized analysis on WhatsApp or Discord in 30 seconds.
Civ guide
Vietnamese
Perfil
Jugador #1350168